 Dungeon Crawl Stone Soup version 0.22-a0-525-gf69a080 (webtiles) character file.

14083 Gildeon the Cleaver (level 11, -5/99 HPs)
             Began as a Minotaur Fighter on June 21, 2018.
             Was a Believer of Makhleb.
             Slain by a crocodile (8 damage)
             ... on level 3 of the Lair of Beasts.
             The game lasted 00:38:53 (12263 turns).

Gildeon the Cleaver (Minotaur Fighter)             Turns: 12263, Time: 00:38:54

Health: -5/99      AC: 13    Str: 22    XL:     11   Next: 84%
Magic:  21/21      EV: 12    Int:  6    God:    Makhleb [**....]
Gold:   733        SH:  0    Dex: 11    Spells: 2/12 levels left

rFire    + . .     SeeInvis .   a - +3 battleaxe (freeze)
rCold    x . .     Gourm    .   (shield currently unavailable)
rNeg     . . .     Faith    .   b - +0 chain mail
rPois    .         Spirit   .   (helmet restricted)
rElec    .         Reflect  .   e - +0 cloak
rCorr    .         Harm     .   (no gloves)
MR       .....                  (no boots)
Stlth    ..........             o - amulet of magic regeneration
HPRegen  0.26/turn              v - ring of magical power
MPRegen  0.42/turn              C - ring of fire

@: lethally poisoned (-5 -> -6)
A: retaliatory headbutt, horns 2, wild magic 1
a: Minor Destruction, Renounce Religion


You were on level 3 of the Lair of Beasts.
You worshipped Makhleb.
Makhleb was pleased with you.
You were not hungry.

You visited 3 branches of the dungeon, and saw 13 of its levels.
You also visited: Ossuary.

You collected 733 gold pieces.

Inventory:

Hand Weapons
 a - a +3 battleaxe of freezing (weapon)
 x - a +2 morningstar of crushing
Armour
 b - a +0 chain mail (worn)
 e - a +0 cloak (worn)
Jewellery
 o - an amulet of magic regeneration (around neck)
 v - a ring of magical power (left hand)
 C - a ring of fire (right hand)
Wands
 s - a wand of paralysis (5)
 u - a wand of scattershot (3)
 w - a wand of acid (6)
 y - a wand of disintegration (17)
 z - a wand of iceblast (28)
 B - a wand of digging (9)
Scrolls
 g - a scroll of identify
 h - 9 scrolls of remove curse
 A - 2 scrolls of teleportation
Potions
 c - 2 potions of magic
 i - 5 potions of lignification
 j - 5 potions of invisibility
 k - 5 potions of curing
 l - 2 potions of brilliance
 m - a potion of resistance
 n - a potion of berserk rage
 p - a potion of ambrosia
 q - 2 potions of heal wounds
 r - 3 potions of haste
 t - a potion of flight
Comestibles
 d - a chunk of flesh
 f - 10 rations


   Skills:
 + Level 9.8 Fighting
 * Level 14.0 Axes
 + Level 9.8 Armour
 + Level 9.2 Dodging
   Level 3.6 Shields
 - Level 1.0 Spellcasting
 + Level 0.9 Hexes
 - Level 1.0 Translocations
 - Level 1.0 Transmutations
 - Level 1.0 Earth Magic
 - Level 3.1 Invocations
 - Level 3.0 Evocations


You had 2 spell levels left.
You knew the following spells:

 Your Spells              Type           Power        Failure   Level  Hunger
a - Blink                 Tloc           N/A          97%         2    ###....
b - Passwall              Tmut/Erth      #.......     97%         2    ###....
c - Slow                  Hex            #.......     98%         2    ###....
d - Petrify               Tmut/Erth      #.......     100%        4    #####..

Your spell library contained the following spells:

 Spells                   Type           Power        Failure   Level  Hunger
 Magic Dart               Conj           #...         97%         1    ##.....
 Conjure Flame            Conj/Fire      #.......     100%        3    ####...
 Mephitic Cloud           Conj/Pois/Air  #.......     100%        3    ####...
 Call Imp                 Summ           #.......     99%         2    ###....
 Stone Arrow              Conj/Erth      #.....       100%        3    ####...
 Lee's Rapid Deconstruct  Erth           #.........   100%        5    ######.
 Sandblast                Erth           #.....       92%         1    ##.....


Dungeon Overview and Level Annotations

Branches:
Dungeon (9/15)             Temple (1/1) D:7            Lair (3/6) D:8
 Spider (0/4) Lair:2
  Swamp: Lair:2-4    Shoals: Lair:2-4       Orc: D:9-12

Altars:
Ashenzari
Cheibriados
Dithmenos
Elyvilon
Fedhas
Gozag
Hepliaklqana
Kikubaaqudgha
Makhleb
Nemelex Xobeh
Okawaru
Qazlal
Sif Muna
Trog
Uskayaw
Vehumet
Wu Jian
Xom
Yredelemnul
Zin
The Shining One

Annotations:
Lair:2 exclusion: 3 oklob plants
Lair:3 Sonja


Innate Abilities, Weirdness & Mutations

You reflexively headbutt those who attack you in melee.
You have a pair of horns on your head.
Your spells are a little harder to cast, but a little more powerful.


Message History

A crocodile comes into view.
You slash the bullfrog!
The bullfrog seems to slow down.
You freeze the bullfrog.
You kill the bullfrog!
Makhleb accepts your kill.
You feel sick.
You feel sick.
You see here a bullfrog corpse.
You feel sick.
You see here a bullfrog corpse.
You butcher the bullfrog corpse.
You see here a chunk of flesh.
d - a chunk of flesh The crocodile bites you!
* * * LOW HITPOINT WARNING * * *
You slice the crocodile!!
The crocodile seems to slow down.
You freeze the crocodile. Your headbutt misses the crocodile.
The crocodile is almost dead.
You feel sick. The crocodile bites you!
You die...

.............#
.............#
............##
........†...#
#...#.......#
............#
............#
....P.......##
>.......@..>.#
.......t...PP#
............P#
....#.......##
............#
....#...$...##
.............#
.#PP........P#
............#


You could see a crocodile.

Vanquished Creatures
  The ghost of Gomp the Blocker, a journeyman OpFi of Jiyva (Lair:1)
  2 hydras
  A two-headed ogre (D:8)
  Pikel (D:8)
  2 black mambas
  A torpor snail (Lair:2)
  4 spiny frogs
  A rime drake (Lair:3)
  5 hippogriffs
  Sigmund (D:3)
  2 wraiths (Ossuary)
  15 yaks
  2 wyverns
  3 water moccasins
  2 hell hounds (D:8)
  4 porcupines
  An orc warrior (D:8)
  2 black bears
  6 sky beasts
  An eye of draining (D:8)
  4 ogres
  A slave (D:8)
  A wolf (Lair:2)
  4 centaurs
  3 crocodiles
  2 big kobolds
  6 bullfrogs
  A scorpion (D:8)
  7 wights
  2 electric eels (Lair:2)
  2 howler monkeys (D:6)
  3 crimson imps
  A quasit (D:5)
  A centaur skeleton (D:6)
  An orc priest (D:7)
  5 hounds
  A jelly (D:7)
  3 orc wizards
  2 iguanas
  5 worker ants
  Ijyb (D:4)
  A hound zombie (D:7)
  A hound skeleton (D:6)
  A mummy (D:5)
  A worker ant zombie (D:6)
  6 adders
  7 gnolls
  2 shadow imps
  2 oozes
  2 adder zombies (D:5)
  An adder skeleton (D:4)
  4 worms
  6 leopard geckos
  13 orcs
  7 giant cockroaches
  9 goblins
  8 hobgoblins
  9 jackals
  18 kobolds
  7 quokkas
  2 ball pythons
  A ball python skeleton (Ossuary)
  7 bats
  4 frilled lizards
  3 hobgoblin skeletons (Ossuary)
  A hobgoblin zombie (Ossuary)
  3 kobold zombies (Ossuary)
  A leopard gecko skeleton (D:8)
  An orc skeleton (Ossuary)
  An orc zombie (Ossuary)
  28 rats
  A plant (Lair:2)
271 creatures vanquished.

Vanquished Creatures (others)
  A slave (D:8)
  An adder (D:8)
  5 plants
7 creatures vanquished.

Grand Total: 278 creatures vanquished

Notes
Turn   | Place    | Note
-------+----------+-------------------------------------------
     0 | D:1      | Gildeon the Minotaur Fighter began the quest for the Orb.
     0 | D:1      | Reached XP level 1. HP: 19/19 MP: 0/0
   137 | D:1      | Reached XP level 2. HP: 27/27 MP: 1/1
   380 | D:1      | Reached skill level 3 in Axes
   584 | D:1      | Reached skill level 1 in Dodging
   783 | D:1      | Reached XP level 3. HP: 27/33 MP: 2/2
  1754 | D:2      | Reached XP level 4. HP: 39/40 MP: 3/3
  1881 | D:3      | Found a glowing golden altar of the Shining One.
  1884 | D:3      | Noticed Sigmund
  1894 | D:3      | Killed Sigmund
  1894 | D:3      | Reached skill level 5 in Axes
  1894 | D:3      | Reached XP level 5. HP: 32/47 MP: 4/4
  2061 | D:3      | Reached XP level 6. HP: 14/55 MP: 5/5
  2068 | D:3      | HP: 1/55 [adder (4)]
  2479 | D:3      | Reached skill level 5 in Armour
  2896 | D:4      | Reached skill level 5 in Fighting
  3011 | D:4      | Reached skill level 6 in Axes
  3235 | D:4      | Noticed Ijyb
  3247 | D:4      | Killed Ijyb
  3459 | D:4      | Reached XP level 7. HP: 61/61 MP: 6/6
  3730 | D:5      | Entered Level 5 of the Dungeon
  3764 | D:5      | Reached skill level 7 in Axes
  3923 | D:5      | Found a sand-covered staircase.
  3932 | Ossuary  | Entered an ossuary
  4033 | Ossuary  | Noticed a flying skull
  4033 | Ossuary  | Noticed a wraith
  4044 | Ossuary  | Noticed a flying skull
  4049 | Ossuary  | Noticed a flying skull
  4100 | Ossuary  | Noticed a flying skull
  4105 | Ossuary  | Noticed a wraith
  4118 | Ossuary  | Killed a wraith
  4118 | Ossuary  | Reached skill level 8 in Axes
  4151 | Ossuary  | Noticed a wraith
  4163 | Ossuary  | Killed a wraith
  4163 | Ossuary  | Reached skill level 5 in Dodging
  4163 | Ossuary  | Reached XP level 8. HP: 33/68 MP: 7/7
  5123 | D:5      | Found a glowing silver altar of Zin.
  5356 | D:6      | Reached skill level 1 in Evocations
  5362 | D:6      | Reached skill level 9 in Axes
  5781 | D:7      | Found a staircase to the Ecumenical Temple.
  6129 | D:6      | Reached skill level 1 in Spellcasting
  6130 | D:6      | Reached XP level 9. HP: 29/75 MP: 9/9
  6357 | D:6      | Reached skill level 10 in Axes
  6700 | Temple   | Entered the Ecumenical Temple
  6949 | Temple   | Became a worshipper of Makhleb the Destroyer
  7509 | D:7      | Found an ancient bone altar of Kikubaaqudgha.
  7689 | D:8      | Reached skill level 11 in Axes
  7718 | D:8      | Reached skill level 1 in Invocations
  7780 | D:8      | Noticed Pikel
  7806 | D:8      | Killed Pikel
  8031 | D:8      | Reached XP level 10. HP: 70/86 MP: 10/10
  8110 | D:8      | Found a staircase to the Lair.
  8116 | D:8      | Noticed a two-headed ogre
  8136 | D:8      | Killed a two-headed ogre
  8136 | D:8      | Reached * piety under Makhleb
  8695 | D:8      | Reached skill level 12 in Axes
  8978 | Lair:1   | Entered Level 1 of the Lair of Beasts
  9001 | Lair:1   | Noticed a spiny frog
  9007 | Lair:1   | Killed a spiny frog
  9173 | Lair:1   | Got a steaming glaive
  9174 | Lair:1   | Identified the +1 glaive "Impslayer" {freeze, *Contam *Noise Dex+8 Stlth+} (You found it on level 1 of the Lair of Beasts)
  9180 | Lair:1   | Noticed a six-headed hydra
  9184 | Lair:1   | Gained mutation: Your spells are a little harder to cast, but a little more powerful. [mutagenic glow]
  9192 | Lair:1   | Killed a six-headed hydra
  9615 | Lair:1   | Found a runed door.
  9615 | Lair:1   | Noticed Gomp's ghost (journeyman OpFi)
  9640 | Lair:1   | Killed Gomp's ghost
  9640 | Lair:1   | Reached XP level 11. HP: 77/95 MP: 12/12
  9687 | Lair:1   | Reached skill level 13 in Axes
  9802 | Lair:1   | Learned a level 2 spell: Blink
  9805 | Lair:1   | Learned a level 2 spell: Passwall
  9808 | Lair:1   | Learned a level 2 spell: Slow
  9813 | Lair:1   | Learned a level 4 spell: Petrify
 10397 | Lair:2   | Reached skill level 1 in Transmutations
 10769 | Lair:2   | Found a hole to the Spider Nest.
 10790 | Lair:2   | Reached ** piety under Makhleb
 10880 | Lair:2   | Reached skill level 1 in Earth Magic
 11319 | Lair:2   | Noticed an oklob plant
 11330 | Lair:2   | Noticed an oklob plant
 11330 | Lair:2   | Noticed an oklob plant
 11622 | Lair:3   | Reached skill level 1 in Translocations
 11661 | Lair:3   | Noticed Sonja
 11666 | Lair:3   | Noticed a six-headed hydra
 11673 | Lair:3   | Killed a six-headed hydra
 12216 | Lair:3   | Reached skill level 14 in Axes
 12262 | Lair:3   | HP: 4/99 [crocodile (10)]
 12263 | Lair:3   | Slain by a crocodile

Vault maps used:
D:1:      sevenhm_arrival_forest_fort_small_6, minmay_tetromino_s4
D:2:      minmay_rat_hole
D:3:      lemuel_round_altar, uniq_sigmund
D:4:      uniq_ijyb
D:5:      zin_treasury, first_ration, gup_ossuary_entry_pyramid
D:6:      black_bear_nest_1
D:7:      kiku_gazebo_garden_becter, minmay_temple_entry_junction_2
D:8:      minmay_lair_entry_lava, uniq_pikel
D:9:      nicolae_ru_the_path_less_chosen, david_orc_5
Temple:   regret_index_temple_mists
Lair:1:   gammafunk_ghost_grave, grunt_forest_stairs_basic
Lair:2:   spider_nest_entry_web_field, minmay_lair_oklob_chamber,
          serial_bayou_shore_a
Lair:3:   st_stairs_5, hangedman_lair_unloving_vines, lemuel_fruit_tree,
          uniq_sonja
Ossuary:  ossuary_due_cavern

Skill      XL: |  1  2  3  4  5  6  7  8  9 10 11 |
---------------+----------------------------------+-----
Axes           | 3 5 6 8 9 11 12 14 | 14.0
Dodging        | 1 2 3 5 6 7 8 9 |  9.2
Armour         | 4 5 6 7 8 9 |  9.8
Fighting       | 4 5 6 7 8 9 |  9.8
Evocations     | 1 2 3 |  3.0
Spellcasting   | 1 |  1.0
Invocations    | 2 3 |  3.1
Transmutations | 1 |  1.0
Earth Magic    | 1 |  1.0
Translocations | 1 |  1.0
Shields        | |  3.6
Hexes          | |  0.9

Action                   |  1- 3 |  4- 6 |  7- 9 | 10-12 || total
-------------------------+-------+-------+-------+-------++-------
Melee: War axe           |   113 |   104 |   110 |       ||   327
       Headbutt          |    14 |    13 |    54 |    48 ||   129
       Broad axe         |       |       |   174 |    21 ||   195
       Battleaxe         |       |       |       |   183 ||   183
       Flail             |       |       |       |     6 ||     6
       Morningstar       |       |       |       |     5 ||     5
Evoke: Wand              |       |       |       |     2 ||     2
  Use: Scroll            |     4 |     6 |    11 |     7 ||    28
       Potion            |       |     3 |     3 |    11 ||    17
 Stab: Paralysed         |       |       |       |     2 ||     2
  Eat: Chunk             |     3 |     5 |     8 |     3 ||    19
       Ration            |       |       |     2 |     3 ||     5
Armor: Scale mail        |    53 |    46 |   139 |    11 ||   249
       Chain mail        |       |       |       |    82 ||    82
Dodge: Dodged            |    72 |    73 |   204 |   173 ||   522

Table legend:
 A = Spawn XP
 B = Non-spawn XP
 C = Spawn XP percentage of total XP
 D = Spawn monster count
 E = Non-spawn monster count
 F = Spawn count percentage of total count
 G = Total turns spent on level
                    A         B        C        D         E        F      G
               +---------+---------+-------+---------+---------+-------+---------
         Total |       0 |   20119 |   0.0 |       0 |     269 |   0.0 | 12263
               +---------+---------+-------+---------+---------+-------+---------
           D:1 |       0 |      41 |   0.0 |       0 |      22 |   0.0 |   990
           D:2 |       0 |      69 |   0.0 |       0 |      45 |   0.0 |   883
           D:3 |       0 |     374 |   0.0 |       0 |      24 |   0.0 |  1003
           D:4 |       0 |     257 |   0.0 |       0 |      15 |   0.0 |   854
           D:5 |       0 |     283 |   0.0 |       0 |      14 |   0.0 |   991
           D:6 |       0 |    1111 |   0.0 |       0 |      18 |   0.0 |  1317
           D:7 |       0 |    1608 |   0.0 |       0 |      38 |   0.0 |   851
           D:8 |       0 |    3441 |   0.0 |       0 |      32 |   0.0 |  1251
        Lair:1 |       0 |    5033 |   0.0 |       0 |      16 |   0.0 |  1276
        Lair:2 |       0 |    4375 |   0.0 |       0 |      21 |   0.0 |  1293
        Lair:3 |       0 |    2973 |   0.0 |       0 |      10 |   0.0 |   716
       Ossuary |       0 |     554 |   0.0 |       0 |      14 |   0.0 |   442
               +---------+---------+-------+---------+---------+-------+---------
